 Dungeon Crawl Stone Soup version 0.31-a0-1074-g0b22e4e0f1 (webtiles) character file.

Game seed: 4563067353378445995

483 lunkers the Martial Artist (level 7, -2/52 HPs)
             Began as a Meteoran Shapeshifter on Dec 4, 2023.
             Was a Believer of Lugonu.
             Slain by an orc priest
             ... wielding a +0 hand axe
              (4 damage)
             ... on level 5 of the Dungeon.
             The game lasted 00:07:21 (1691 turns).

lunkers the Martial Artist (Meteoran Shapeshifter)  Turns: 1691, Time: 00:07:22

Health: -2/52      AC: 10    Str: 15    XL:     7   Next: 61%
Magic:  8/8        EV:  4    Int: 11    God:    Lugonu [**....]
Gold:   156        SH:  0    Dex: 17    Spells: 6/6 levels left

rFire   . .          .
                       - Unarmed
rCold   . . .        (no shield)
rNeg    . . .        k - +0 plate armour
rPois   .            (helmet currently unavailable)
rElec   .            (cloak currently unavailable)
rCorr   .            (gloves currently unavailable)
SInv    +            (boots currently unavailable)
Will    .....        (no amulet) Stlth
                     o - ring of see invisible
HPRegen 0.28/turn    (no ring)
MPRegen 0.11/turn

%: no passive effects
@: beast-form, glowing
A: beast (slay +3), sense surroundings 1, otherworldly, glowing, explore regen
a: Begin Untransformation, Renounce Religion, Depart the Abyss, Banish


You were on level 5 of the Dungeon.
You worshipped Lugonu.
Lugonu was pleased with you.
You were a hulking beast.
You visited 1 branch of the dungeon, and saw 5 of its levels.

You collected 156 gold pieces.

Inventory:

Armour
 a - a +0 animal skin
 k - a +0 plate armour (worn)
Jewellery
 o - a ring of see invisible (left hand)
Talismans
 c - a beast talisman
 d - a flux talisman
Wands
 b - a wand of roots (21)
Scrolls
 e - 4 scrolls of teleportation
 m - a scroll of torment {unknown}
 n - 3 scrolls of poison {unknown}
Potions
 f - 2 potions of heal wounds
 g - 3 potions of curing
 h - a potion of magic {unknown}
 i - a potion of attraction {unknown}
 j - a potion of invisibility
 l - a potion of degeneration {unknown}
 p - a potion of berserk rage {unknown}


   Skills:
 - Level 1.1 Fighting
 - Level 2.1 Dodging
 * Level 8.0 Unarmed Combat
 + Level 5.8 Shapeshifting


You had 6 spell levels left.
You didn't know any spells.
Your spell library contained the following spells:

 Spells                   Type           Power      Damage    Failure   Level
 Magic Dart               Conj           0%         1d3       100%        1
 Lesser Beckoning         Tloc           0%         N/A       100%        2
 Searing Ray              Conj           0%         2d4       100%        2
 Gell's Gravitas          Tloc           0%         N/A       100%        3
 Teleport Other           Tloc           0%         N/A       100%        3
 Fulminant Prism          Conj/Hex       0%         3d5       100%        4


Dungeon Overview and Level Annotations

Branches:
Dungeon (5/15) Zot: 1323
 Temple: D:4-7

Altars:
Okawaru
Vehumet
Yredelemnul
Zin
The Shining One
Lugonu

Shops:
D:1 (   D:2 [


Innate Abilities, Weirdness & Mutations

You are a hulking beast.
Your limbs bulge with bestial killing power. (Slay +3)
You passively map a small area around you.
You are easily found by Zot.
You glow in the dark.
You regain HP and MP as you explore.


Message History

The orc priest shouts!
The orc shouts!
You hear a shout!
You hear an angry growl.
An orc wizard comes into view.
It is wielding a +1 dagger of electrocution.
An orc priest comes into view. It is wielding a +0 hand axe.
There are monsters nearby!
An orc comes into view. It is wielding a +0 dagger.
The orc shouts!
The orc priest shouts!
The orc priest looks braver for a moment.
The orc priest calls down the wrath of Beogh upon you.
Beogh smites you!
* * * LOW HITPOINT WARNING * * *
You hit the orc.
The orc is heavily wounded.
The orc hits you with a +0 short sword.
* * * LOW HITPOINT WARNING * * *
You punch the orc!
You kill the orc!
Lugonu accepts your kill.
The orc priest looks braver for a moment.
You punch the orc wizard!
The orc wizard is severely wounded.
The orc wizard hits you but does no damage.
You punch the orc wizard!
You kill the orc wizard!
Lugonu accepts your kill.
The orc priest invokes the aid of Beogh against you.
Beogh smites you!
* * * LOW HITPOINT WARNING * * *
Your Unarmed Combat skill increases to level 8!
You punch the orc!
You kill the orc!
Lugonu accepts your kill.
The orc priest calls down the wrath of Beogh upon you.
Beogh smites you!
* * * LOW HITPOINT WARNING * * *
You punch the orc priest!
You punch the orc priest, but do no damage.
The orc priest is heavily wounded.
The orc priest hits you with a +0 hand axe.
You die...

#..._.......#####, *
#...........#... , .####
#.h...........#*
*.^...##..###.#.#.... ,
...............(.# * ,#
,........###.#.#o#####.... *
., ###.#...)........ooo.....
> ..*
#.#..######o##.#..o.... *
..# #.#...# #h#.......... *
..####.#..†#########..o.....
..........#...§....,####....
, ..........#.≈≈§≈≈≈≈ ,....
..........#≈.§§§≈.. * ...
..........#≈§§§..≈.~ *#. * *
†.........#≈.§.§.≈. *
.†.<......#≈.§...≈. ,,
#.........#§..§≈§.. * *


You could see 2 orc priests.

Vanquished Creatures
  Menkaure (D:5)
  Blork the orc (D:5)
  A scorpion (D:5)
  A hound (D:5)
  A sleepcap (D:5)
  Ijyb (D:3)
  An orc wizard (D:5)
  Robin (D:1)
  A gnoll (D:1)
  2 adders
  An ufetubus (D:5)
  2 worms
  A dart slug (D:1)
  3 orcs (D:5)
  7 endoplasms
  5 giant cockroaches
  7 hobgoblins
  7 jackals
  4 kobolds
  3 quokkas
  3 ball pythons
  A bat (D:1)
  2 frilled lizards
  9 goblins
  3 rats (D:1)
69 creatures vanquished.

Notes
Turn   | Place    | Note
-------+----------+-------------------------------------------
     0 | D:1      | lunkers the Meteoran Shapeshifter began the quest for the
                  | Orb.
     0 | D:1      | Reached XP level 1. HP: 16/16 MP: 2/2
    92 | D:1      | Reached skill level 4 in Unarmed Combat
    92 | D:1      | Reached XP level 2. HP: 8/23 MP: 3/3
   143 | D:1      | Found Vonlesodgh's Weapon Shoppe.
   216 | D:1      | HP: 1/23 [hobgoblin (4)]
   217 | D:1      | Reached XP level 3. HP: 1/28 MP: 4/4
   444 | D:2      | Noticed Robin
   450 | D:1      | Killed Robin
   451 | D:1      | Reached XP level 4. HP: 35/35 MP: 5/5
   459 | D:1      | Reached skill level 5 in Unarmed Combat
   602 | D:2      | Found Afiddiwn's Antique Armour Boutique.
   724 | D:2      | Found a faded altar of an unknown god.
   738 | D:2      | Prayed at the altar of an unknown god.
   738 | D:2      | Became a worshipper of Lugonu the Unformed
   738 | D:2      | Reached * piety under Lugonu
   886 | D:3      | Found a glowing golden altar of the Shining One.
   909 | D:3      | Found a glowing silver altar of Zin.
   910 | D:3      | Noticed Ijyb
   919 | D:3      | Reached XP level 5. HP: 21/40 MP: 6/6
   927 | D:3      | Killed Ijyb
  1264 | D:4      | Found a basalt altar of Yredelemnul.
  1558 | D:5      | Entered Level 5 of the Dungeon
  1558 | D:5      | Noticed Blork the orc
  1558 | D:5      | Noticed Menkaure
  1565 | D:5      | Killed Blork the orc
  1566 | D:5      | Reached skill level 6 in Unarmed Combat
  1566 | D:5      | Reached skill level 5 in Shapeshifting
  1566 | D:5      | Reached XP level 6. HP: 47/47 MP: 7/7
  1570 | D:5      | Killed Menkaure
  1571 | D:5      | Reached skill level 7 in Unarmed Combat
  1571 | D:5      | Reached XP level 7. HP: 50/52 MP: 8/8
  1613 | D:5      | Found an iron altar of Okawaru.
  1629 | D:5      | Found a radiant altar of Vehumet.
  1660 | D:5      | Reached ** piety under Lugonu
  1690 | D:5      | Reached skill level 8 in Unarmed Combat
  1690 | D:5      | HP: 1/52 [orc priest/divine providence (12)]
  1691 | D:5      | Slain by an orc priest

Illustrated notes

Levels and vault maps discovered:
D:1:      nzn_arrival_water_spiral, layout_rooms, serial_shops,
          nicolae_shop_bloodbath_and_beyond, hex_medium, serial_bayou_pond_e
D:2:      layout_rooms, serial_shops, nicolae_shop_getting_attention,
          chequers_ecumenical_altar_simple_redux, chequers_mini_garden,
          grunt_ministairs_1, uniq_robin
D:3:      layout_basic, nicolae_tso_swordbearing_angel, zin_academy,
          led_sif_pool, lexackson_kobold_supper, uniq_grinder, uniq_ijyb
D:4:      layout_layer_cave, mainiacjoe_overflow_concentric_impassable,
          yredelemnul_altar_generic, uniq_eustachio
D:5:      layout_loops_ring, mainiacjoe_overflow_swirl,
          mainiacjoe_overflow_paths, hangedman_feature_mirror,
          blue_anna_alchemist, item_on_display_a, uniq_crazy_yiuf_cottage,
          uniq_pikel, uniq_blork_the_orc, uniq_menkaure

Skill      XL: |  1  2  3  4  5  6  7 |
---------------+----------------------+-----
Unarmed Combat | 4 5 6 7 8 |  8.0
Shapeshifting  | 4 5 |  5.8
Fighting       | |  1.1
Dodging        | |  2.1

Action                     |  1- 3 |  4- 6 |  7- 9 || total
---------------------------+-------+-------+-------++-------
  Melee: Unarmed           |    48 |    86 |    53 ||   187
         Punch             |     4 |     4 |     2 ||    10
    Use: Scroll            |     3 |     4 |       ||     7
         Potion            |     1 |     2 |       ||     3
 Armour: Animal skin       |    29 |    20 |       ||    49
         Skin              |     9 |    39 |    12 ||    60
         Plate armour      |       |    12 |    28 ||    40
  Dodge: Dodged            |    43 |    23 |    10 ||    76

Table legend: (Time is in decaauts)
 A = Elapsed time spent in this place.
 B = Non-inter-level travel time spent in this place.
 C = Inter-level travel time spent in this place.
 D = Time resting spent in this place.
 E = Time spent auto-exploring this place.
 F = Levels seen in this place.
 G = Mean time per level.
                   A        B        C        D        E       F      G
               +--------+--------+--------+--------+--------+-----+--------+
         Total |   1676 |   1637 |     39 |     38 |   1075 |   5 |  335.2 |
       Dungeon |   1676 |   1637 |     39 |     38 |   1075 |   5 |  335.2 |
               +--------+--------+--------+--------+--------+-----+--------+

Top non-repeatable levels by time:
     D:4: 554 daAuts
     D:1: 496 daAuts
     D:2: 265 daAuts
     D:3: 236 daAuts
     D:5: 124 daAuts
